 Dungeon Crawl Stone Soup version 0.19.0-26-g9e9c210 (webtiles) character file.

8918 HarryHood the Protected (level 11, 0/102 HPs)
             Began as a Minotaur Berserker on Nov 23, 2016.
             Was a High Priest of Trog.
             Succumbed to an orc warlord's poison
             ... on level 10 of the Dungeon.
             The game lasted 00:55:54 (8855 turns).

HarryHood the Protected (Minotaur Berserker)        Turns: 8855, Time: 00:55:55

Health: 0/102      AC: 21    Str: 22    XL:     11   Next: 16%
Magic:  3/3        EV: 11    Int:  4    God:    Trog [*****.]
Gold:   469        SH:  5    Dex: 13    Spells: 0 memorised, 10 levels left

rFire  x . .     SeeInvis .     u - +3 dire flail (antimagic)
rCold  + . .     Gourm    .     j - +3 plate armour
rNeg   . . .     Faith    .     (shield currently unavailable)
rPois  .         Spirit   .     g - +1 hat
rElec  .         Reflect  +     (no cloak)
rCorr  +         Harm     .     (no gloves)
MR     ++...                    b - +1 pair of boots
Stlth  ..........               E - +5 amulet of reflection
                                A - ring of resist corrosion
                                i - ring of ice

@: lethally poisoned (0 -> -12), exhausted, regenerating, slowed, very slow
A: retaliatory headbutt, horns 2
a: Berserk, Trog's Hand, Brothers in Arms, Burn Spellbooks, Renounce Religion


You were on level 10 of the Dungeon.
You worshipped Trog.
Trog was extremely pleased with you.
You were hungry.

You visited 2 branches of the dungeon, and saw 11 of its levels.

You collected 469 gold pieces.

Inventory:

Hand Weapons
 u - a +3 antimagic dire flail (weapon)
Armour
 b - a +1 pair of boots (worn)
 g - a +1 hat (worn)
 j - a +3 plate armour (worn)
Jewellery
 i - a ring of ice (left hand)
 k - an uncursed ring of magical power
 y - an uncursed amulet of guardian spirit
 A - a ring of resist corrosion (right hand)
 E - a +5 amulet of reflection (around neck)
Wands
 n - a wand of paralysis (16/24)
 C - a wand of iceblast (12/15)
Scrolls
 f - 4 scrolls of remove curse
 o - 4 scrolls of teleportation
 p - 2 scrolls of fog
 t - a scroll of identify
 v - a scroll of magic mapping
Potions
 d - a potion of brilliance
 e - 5 potions of berserk rage
 h - a potion of invisibility
 m - 2 potions of curing
 r - 3 potions of agility
 w - 3 potions of magic
 z - a potion of resistance {unknown}
 B - a potion of heal wounds
 D - a potion of might {unknown}
Comestibles
 a - 15 chunks of flesh
 c - 2 bread rations
 l - 2 beef jerkies
 q - a meat ration
 s - 10 fruits
 x - 2 slices of pizza


   Skills:
 - Level 11.0 Fighting
 - Level 10.2 Maces & Flails
 - Level 11.3 Armour
 * Level 9.8 Dodging


You had 10 spell levels left.
You didn't know any spells.

Dungeon Overview and Level Annotations

Branches:
Dungeon (10/15)            Temple (1/1) D:6             Orc (0/2) D:9
   Lair: D:8-11

Altars:
Cheibriados
Dithmenos
Elyvilon
Gozag
Hepliaklqana
Kikubaaqudgha
Makhleb
Nemelex Xobeh
Okawaru
Qazlal
Ru
Sif Muna
Trog
Uskayaw
Vehumet
Yredelemnul
The Shining One

Shops:
D:8 *   D:10 }

Annotations:
D:5 Blork the orc


Innate Abilities, Weirdness & Mutations

You reflexively headbutt those who attack you in melee.
You have a pair of horns on your head.


Message History

You feel sick. The orc warlord closely misses you. The orc barely misses you.
Your skin crawls.
You feel resistant to hostile enchantments.
You are feeling hungry.
You feel very sick.
The orc no longer looks unusually strong.
The orc warlord roars a battlecry!
The orc goes into a battle-frenzy!
You block the orc's attack.
The orc warlord hits you but does no damage.
You are more poisoned.
You thump the orc warlord! Your headbutt misses the orc warlord.
The orc warlord is moderately wounded.
You feel sick. The orc closely misses you. You furiously retaliate!
You headbutt the orc.
The orc warlord hits you with a war axe of venom!
* * * LOW HITPOINT WARNING * * *
You are more poisoned.
You block the orc's attack.
You die...

### #.. ###### #.. .'...
#'# #... #.# #... #.#
##'###.# #...o[@# #...o))#
################)#.≈≈≈....#
...#..)........#.#.≈≈≈....#
...'...........'.# ≈≈≈....#
.[.#...........#'###≈≈....#
'''#############...#≈≈P...#
...............#...#≈≈....#
...≈≈≈≈≈≈≈≈≈≈≈≈#####≈≈....#


You could see an orc warlord and an orc.

Vanquished Creatures
  A hill giant (D:10)
  Pikel (D:5)
  An orc knight (D:10)
  A troll (D:10)
  The ghost of Carbisari the Chopper, a novice VSGl of the Shining One (D:5)
  A two-headed ogre (D:9)
  2 hippogriffs
  Eustachio (D:4)
  11 yaks
  3 wargs
  Duvessa (D:4)
  6 orc warriors
  A black bear (D:5)
  A slave (D:5)
  A phantom (D:4)
  3 ogres
  4 centaurs
  A crocodile (D:9)
  A big kobold (D:7)
  2 bullfrogs
  Dowan (D:4)
  4 scorpions
  11 killer bees
  6 howler monkeys
  3 crimson imps
  A bullfrog zombie (D:7)
  5 hounds
  A jelly (D:5)
  2 centaur skeletons (D:4)
  8 orc wizards
  10 orc priests
  4 iguanas
  Natasha (D:4)
  7 worker ants
  A hound zombie (D:7)
  A hound skeleton (D:6)
  A howler monkey skeleton (D:9)
  9 adders
  3 shadow imps
  An ooze (D:1)
  3 adder skeletons
  2 worms
  A dart slug (D:3)
  8 leopard geckos
  61 orcs
  2 ball pythons
  4 giant cockroaches
  8 goblins
  11 hobgoblins
  12 jackals
  15 kobolds
  2 quokkas
  3 bats
  6 frilled lizards
  2 quokka skeletons
  A quokka zombie (D:7)
265 creatures vanquished.

Vanquished Creatures (collateral kills)
  A kobold demonologist (D:9)
  6 big kobolds (D:9)
  7 kobolds (D:9)
14 creatures vanquished.

Vanquished Creatures (others)
  A jackal (D:5)
1 creature vanquished.

Grand Total: 280 creatures vanquished

Notes
Turn   | Place    | Note
-------+----------+-------------------------------------------
     0 | D:1      | HarryHood the Minotaur Berserker began the quest for the Orb.
     0 | D:1      | Reached XP level 1. HP: 19/19 MP: 0/0
   160 | D:1      | Reached XP level 2. HP: 24/26 MP: 1/1
   491 | D:1      | Reached skill level 5 in Maces & Flails
   606 | D:2      | Reached XP level 3. HP: 26/31 MP: 2/2
   685 | D:2      | Found a shadowy altar of Dithmenos.
   704 | D:2      | Reached ** piety under Trog
  1025 | D:2      | Reached XP level 4. HP: 34/39 MP: 3/3
  1572 | D:3      | Reached XP level 5. HP: 37/45 MP: 4/4
  2045 | D:4      | Noticed Eustachio
  2082 | D:4      | Killed Eustachio
  2082 | D:4      | Reached XP level 6. HP: 40/51 MP: 5/5
  2148 | D:4      | Noticed Dowan
  2162 | D:4      | Killed Dowan
  2162 | D:4      | Reached skill level 5 in Fighting
  2258 | D:4      | Noticed Duvessa
  2273 | D:4      | Killed Duvessa
  2273 | D:4      | Reached XP level 7. HP: 12/63 MP: 6/6
  2692 | D:4      | Noticed Natasha
  2705 | D:4      | Killed Natasha
  2732 | D:4      | Reached *** piety under Trog
  2847 | D:5      | Entered Level 5 of the Dungeon
  2854 | D:5      | Noticed Carbisari's ghost (novice VSGl)
  2868 | D:5      | Killed Carbisari's ghost
  2868 | D:5      | Reached XP level 8. HP: 51/73 MP: 7/7
  3001 | D:5      | Noticed Pikel
  3035 | D:5      | Killed Pikel
  3035 | D:5      | Reached skill level 10 in Maces & Flails
  3640 | D:5      | Noticed Blork the orc
  3674 | D:5      | Found a deep blue altar of Sif Muna.
  4002 | D:6      | Found a white marble altar of Elyvilon.
  4020 | D:6      | Found a staircase to the Ecumenical Temple.
  4040 | D:6      | Reached XP level 9. HP: 79/79 MP: 8/8
  4061 | D:6      | Reached skill level 10 in Armour
  4324 | Temple   | Entered the Ecumenical Temple
  4766 | D:6      | Reached **** piety under Trog
  5480 | D:7      | Found a burning altar of Makhleb.
  6052 | D:8      | Reached XP level 10. HP: 91/91 MP: 9/9
  6116 | D:8      | Found Hoimomy's Assorted Antiques.
  6308 | D:8      | Reached skill level 10 in Fighting
  7150 | D:9      | Reached ***** piety under Trog
  7344 | D:9      | Found a staircase to the Orcish Mines.
  7359 | D:9      | Reached skill level 5 in Dodging
  7367 | D:9      | Received a gift from Trog
  8122 | D:10     | Entered Level 10 of the Dungeon
  8278 | D:10     | Found Luci Omo's Gadget Boutique.
  8345 | D:10     | Noticed a hill giant
  8358 | D:10     | Killed a hill giant
  8358 | D:10     | Reached XP level 11. HP: 96/102 MP: 3/10
  8812 | D:10     | Noticed an orc knight
  8829 | D:10     | Noticed an orc warlord
  8833 | D:10     | Killed an orc knight
  8854 | D:10     | HP: 3/102 [orc warlord/war axe of venom (16)]
  8855 | D:10     | Succumbed to an orc warlord's poison

Skill      XL: |  1  2  3  4  5  6  7  8  9 10 |
---------------+-------------------------------+-----
Maces & Flails | 4 5 6 8 10 | 10.2
Armour         | 4 6 8 11 | 11.3
Fighting       | 6 7 9 11 | 11.0
Dodging        | 9 |  9.8

Action                   |  1- 3 |  4- 6 |  7- 9 | 10-12 || total
-------------------------+-------+-------+-------+-------++-------
Melee: Mace              |    69 |   125 |   354 |   206 ||   754
       Headbutt          |    10 |    23 |    75 |    78 ||   186
       Dire flail        |       |       |       |   121 ||   121
Invok: Berserk           |       |     2 |     2 |     1 ||     5
       Trog's Hand       |       |       |     1 |     1 ||     2
       Brothers in Arms  |       |       |       |     1 ||     1
  Use: Scroll            |     3 |    10 |     8 |     3 ||    24
       Potion            |       |       |     1 |     3 ||     4
  Eat: Chunk             |       |     5 |    15 |    11 ||    31
Armor: Animal skin       |     3 |       |       |       ||     3
       Ring mail         |    24 |     2 |       |       ||    26
       Scale mail        |       |    44 |    71 |       ||   115
       Skin              |       |       |     4 |       ||     4
       Plate armour      |       |       |    68 |   190 ||   258
Dodge: Dodged            |    48 |    58 |   142 |   141 ||   389
Block: Other             |       |       |       |    38 ||    38
       Reflection        |       |       |       |     1 ||     1
